 Dungeon Crawl Stone Soup version 0.19.0-20-gbc5f0c6 (webtiles) character file.

5394 lorenzova the Archer (level 10, -8/89 HPs)
             Began as a Centaur Hunter on Nov 16, 2016.
             Mangled by a troll (10 damage)
             ... on level 11 of the Dungeon.
             The game lasted 00:23:23 (10795 turns).

lorenzova the Archer (Centaur Hunter)              Turns: 10795, Time: 00:23:24

Health: -8/89      AC: 10    Str: 15    XL:     10   Next: 40%
Magic:  10/10      EV: 11    Int: 10    God:
Gold:   407        SH:  0    Dex: 17    Spells: 0 memorised, 9 levels left

rFire  + . .     SeeInvis +     y - +2 spear (venom)
rCold  . . .     Gourm    .     E - +0 scale mail {rF+}
rNeg   . . .     Faith    .     (no shield)
rPois  .         Spirit   .     u - +0 helmet
rElec  .         Reflect  .     (no cloak)
rCorr  .         Harm     .     L - +0 pair of gloves (curse)
MR     .....                    (no barding)
Stlth  ..........               (no amulet)
                                F - +4 ring of dexterity
                                B - ring of see invisible

@: very quick
A: hooves 3, deformed body, speed 2, tough skin 3
a: no special abilities


You were on level 11 of the Dungeon.
You were hungry.

You visited 2 branches of the dungeon, and saw 12 of its levels.

You collected 407 gold pieces.

Inventory:

Hand Weapons
 a - a +1 shortbow
 b - a +2 dagger of electrocution
 y - a +2 spear of venom (weapon)
Missiles
 d - 134 arrows
Armour
 g - a +1 pair of gloves of dexterity
 u - a +0 helmet (worn)
 E - a +0 scale mail of fire resistance (worn)
 L - a cursed +0 pair of gloves (worn)
Jewellery
 B - a ring of see invisible (left hand)
 F - a +4 ring of dexterity (right hand)
Wands
 m - a wand of slowing (23/48)
 q - a wand of random effects (25/48)
Scrolls
 c - a scroll of enchant weapon {unknown}
 e - 6 scrolls of remove curse
 i - 2 scrolls of noise {unknown}
 k - 3 scrolls of random uselessness {unknown}
 o - a scroll of fog {unknown}
 r - 4 scrolls of identify {unknown}
 s - a scroll of immolation {unknown}
 v - 2 scrolls of magic mapping {unknown}
 D - a scroll of recharging {unknown}
 G - 7 scrolls of teleportation {unknown}
 M - 2 scrolls of blinking {unknown}
 N - a scroll of enchant armour {unknown}
 P - a scroll of fear {unknown}
Potions
 j - a potion of cancellation {unknown}
 l - a potion of resistance {unknown}
 n - 3 potions of flight {unknown}
 p - 2 potions of brilliance {unknown}
 t - a potion of haste
 w - 3 potions of curing {unknown}
 x - 2 potions of lignification {unknown}
 z - a potion of might {unknown}
 A - 2 potions of mutation {unknown}
 C - a potion of heal wounds {unknown}
 I - 2 potions of berserk rage {unknown}
 J - 2 potions of agility {unknown}
 R - a potion of degeneration {unknown}
 S - a potion of ambrosia {unknown}
Books
 H - a Young Poisoner's Handbook

   Spells                             Type                      Level
   a - Sting                          Conjuration/Poison           1
   b - Mephitic Cloud                 Conjuration/Poison/Air       3
   c - Olgreb's Toxic Radiance        Poison                       4
   d - Alistair's Intoxication        Transmutation/Poison         5
   e - Venom Bolt                     Conjuration/Poison           5
 K - a book of Necromancy

   Spells                             Type                      Level
   a - Pain                           Necromancy                   1
   b - Animate Skeleton               Necromancy                   1
   c - Vampiric Draining              Necromancy                   3
   d - Regeneration                   Charms/Necromancy            3
   e - Animate Dead                   Necromancy                   4
   f - Control Undead                 Necromancy                   4
Comestibles
 f - 9 bread rations
 h - 7 meat rations
 Q - 2 fruits


   Skills:
 + Level 8.3 Fighting
 - Level 8.4 Bows
 * Level 6.7 Armour
 * Level 6.7 Dodging
 - Level 0.4 Stealth


You had 9 spell levels left.
You didn't know any spells.

Dungeon Overview and Level Annotations

Branches:
Dungeon (10/15)            Temple (1/1) D:5             Orc (0/2) D:9
   Lair: D:8-11

Altars:
Ashenzari
Cheibriados
Dithmenos
Elyvilon
Fedhas
Gozag
Hepliaklqana
Kikubaaqudgha
Makhleb
Nemelex Xobeh
Okawaru
Qazlal
Ru
Sif Muna
Trog
Uskayaw
Vehumet
Xom
Yredelemnul
Zin
The Shining One


Innate Abilities, Weirdness & Mutations

You have hooves in place of feet.
Armour fits poorly on your strangely shaped body.
You cover ground very quickly.
You have extremely tough skin. (AC +3)


Message History

You kill the orc priest!
You hit the troll but do no damage.
The troll is poisoned.
Your kick misses the troll. The troll bites you.
* * * LOW HITPOINT WARNING * * *
The troll claws you.
* * * LOW HITPOINT WARNING * * *
The troll claws you.
* * * LOW HITPOINT WARNING * * *
The orc wizard mumbles some strange words.
The orc wizard blinks!
The orc wizard points at you and mumbles some strange words.
You easily resist.
The orc wizard hits you but does no damage.
The troll bites you!
* * * LOW HITPOINT WARNING * * *
The troll completely misses you. The troll barely misses you.
The orc wizard casts a spell at you. The magic dart hits you!
The troll bites you!
You die...

##. ....
###+#### .....
#......#......
#...oT@)......
#......#......
#......#......
#......# ....#
######## ....#
#+##


You could see a troll and an orc wizard.

Vanquished Creatures
  The ghost of McCoppin the Skirmisher, a novice OpNe of Kikubaaqudgha (D:9)
  The ghost of Alakolaz the Covert, a novice SpAs of Fedhas (D:8)
  A hornet (D:8)
  A spriggan (D:8)
  2 wyverns
  4 orc warriors
  3 ice beasts
  3 sky beasts
  An ogre (D:8)
  3 centaurs
  5 bullfrogs
  A scorpion (D:9)
  8 wights
  3 killer bees (D:8)
  2 howler monkeys (D:5)
  2 jellies
  A bullfrog zombie (D:8)
  5 crimson imps
  4 hounds
  7 orc priests
  2 centaur skeletons
  A gnoll shaman (D:6)
  10 orc wizards
  3 iguanas
  Jessica (D:3)
  5 worker ants
  A hound skeleton (D:7)
  A worker ant zombie (D:9)
  Robin (D:2)
  12 gnolls
  10 adders
  2 shadow imps
  An ooze (D:1)
  An adder zombie (D:5)
  5 worms
  2 dart slugs (D:1)
  7 leopard geckos
  40 orcs
  4 giant cockroaches
  16 goblins
  7 hobgoblins
  8 kobolds
  6 quokkas
  A ball python (D:2)
  A ball python zombie (D:5)
  7 bats
  7 frilled lizards
  A jackal skeleton (D:4)
  A jackal zombie (D:7)
  2 leopard gecko zombies
  7 rats
231 creatures vanquished.

Vanquished Creatures (others)
  4 fungi (D:10)
  2 plants (D:10)
6 creatures vanquished.

Grand Total: 237 creatures vanquished

Notes
Turn   | Place    | Note
-------+----------+-------------------------------------------
     0 | D:1      | lorenzova the Centaur Hunter began the quest for the Orb.
     0 | D:1      | Reached XP level 1. HP: 17/17 MP: 1/1
   106 | D:1      | Reached XP level 2. HP: 24/25 MP: 2/2
   702 | D:1      | Reached XP level 3. HP: 28/31 MP: 3/3
  1101 | D:2      | Noticed Robin
  1304 | D:2      | Killed Robin
  1352 | D:2      | Found a sparkling altar of Nemelex Xobeh.
  1403 | D:2      | Reached XP level 4. HP: 35/38 MP: 4/4
  1681 | D:3      | Found a shimmering altar of Xom.
  1749 | D:3      | Noticed Jessica
  1765 | D:3      | Killed Jessica
  1911 | D:3      | Reached XP level 5. HP: 44/46 MP: 5/5
  2330 | D:3      | Found a faded altar of an unknown god.
  2330 | D:3      | Found a bloodstained altar of Trog.
  2335 | D:3      | Found a faded altar of an unknown god.
  2337 | D:3      | Found a faded altar of an unknown god.
  2338 | D:3      | Found a faded altar of an unknown god.
  3046 | D:4      | Reached skill level 5 in Fighting
  3046 | D:4      | Reached XP level 6. HP: 41/56 MP: 6/6
  3641 | D:5      | Entered Level 5 of the Dungeon
  3674 | D:5      | Reached XP level 7. HP: 39/62 MP: 7/7
  3675 | D:5      | Found a staircase to the Ecumenical Temple.
  3730 | Temple   | Entered the Ecumenical Temple
  4165 | D:5      | Reached skill level 1 in Armour
  4294 | D:5      | Found a hazy altar of Hepliaklqana.
  5156 | D:6      | Reached XP level 8. HP: 70/70 MP: 8/8
  5536 | D:6      | Found a basalt altar of Yredelemnul.
  5719 | D:6      | Found a shadowy altar of Dithmenos.
  6996 | D:6      | Reached XP level 9. HP: 47/78 MP: 9/9
  7190 | D:6      | Reached skill level 5 in Dodging
  7931 | D:7      | Found an ancient bone altar of Kikubaaqudgha.
  7959 | D:7      | Reached skill level 5 in Armour
  8043 | D:8      | Paralysed by a hornet for 1 turns
  8045 | D:8      | Paralysed by a hornet for 2 turns
  8080 | D:8      | Noticed Alakolaz's ghost (novice SpAs)
  8905 | D:8      | Killed Alakolaz's ghost
  9110 | D:8      | Found a hide-covered altar of Uskayaw.
  9119 | D:8      | You fall through a shaft for 2 floors!
  9119 | D:10     | Entered Level 10 of the Dungeon
  9224 | D:8      | Reached XP level 10. HP: 61/88 MP: 10/10
  9794 | D:8      | Found a stormy altar of Qazlal.
  9800 | D:8      | Found a white marble altar of Elyvilon.
 10117 | D:9      | Noticed McCoppin's ghost (novice OpNe)
 10172 | D:9      | Killed McCoppin's ghost
 10371 | D:9      | Found a staircase to the Orcish Mines.
 10732 | D:9      | Found a deep blue altar of Sif Muna.
 10754 | D:9      | You fall through a shaft for 2 floors!
 10792 | D:11     | HP: 2/89 [troll (9)]
 10795 | D:11     | Mangled by a troll

Skill      XL: |  1  2  3  4  5  6  7  8  9 10 |
---------------+-------------------------------+-----
Fighting       | 3 4 5 6 7 8 |  8.3
Bows           | 6 7 8 |  8.4
Armour         | 2 4 5 6 |  6.7
Dodging        | 2 4 6 |  6.7
Stealth        | |  0.4

Action                   |  1- 3 |  4- 6 |  7- 9 | 10-12 || total
-------------------------+-------+-------+-------+-------++-------
Melee: Short sword       |    37 |       |       |       ||    37
       Kick              |    17 |    26 |    30 |     5 ||    78
       Dagger            |    44 |    68 |    27 |       ||   139
       Spear             |       |    69 |    94 |    19 ||   182
 Fire: Shortbow          |    23 |    45 |   465 |   174 ||   707
  Use: Scroll            |       |       |     1 |       ||     1
  Eat: Chunk             |       |     6 |     8 |     4 ||    18
       Fruit             |       |       |     2 |       ||     2
       Meat ration       |       |       |     1 |       ||     1
Armor: Leather armour    |    34 |    65 |    40 |       ||   139
       Scale mail        |       |       |   156 |    32 ||   188
Dodge: Dodged            |    33 |    66 |   200 |    51 ||   350
